 Dungeon Crawl Stone Soup version 0.18.1-50-g88ac8fd (webtiles) character file.

197981 Satan1 the Shatterer (level 18, -7/218 HPs)
             Began as an Ogre Berserker on Mar 15, 2017.
             Was the Champion of Trog.
             Mangled by Sojobo
             ... wielding a +0 triple sword of electrocution
              (9 damage)
             ... on level 15 of the Dungeon on Mar 16, 2017.
             The game lasted 01:35:11 (39347 turns).

Satan1 the Shatterer (Ogre Berserker)              Turns: 39347, Time: 01:35:12

Health: -7/218     AC: 24    Str: 28    XL:     18   Next: 87%
Magic:  6/6        EV: 16    Int:  6    God:    Trog [******]
Gold:   3743       SH:  0    Dex: 10    Spells: 0 memorised, 17 levels left

rFire  . . .     SeeInvis .     L - +9 giant spiked club (antimagic)
rCold  + + .     Gourm    .     u - +3 ice dragon armour
rNeg   . . .     Faith    .     (shield currently unavailable)
rPois  +         Spirit   .     (helmet restricted)
rElec  .         Dismiss  .     r - +1 cloak
rCorr  .         Reflect  .     (gloves unavailable)
SustAt .         Harm     .     (boots unavailable)
MR     +++..                    P - amulet of regeneration
Stlth  ..........               v - ring of protection from fire
                                I - +3 ring of evasion

@: exhausted, regenerating, slowed, very slow, extremely resistant to hostile
enchantments, extremely unstealthy
A: unfitting armour, slimy green scales 1, yellow scales 1, clumsy 1, dopey 1,
poison resistance, tough skin 1
a: Berserk, Trog's Hand, Brothers in Arms, Burn Spellbooks, Renounce Religion


You were on level 15 of the Dungeon.
You worshipped Trog.
Trog was exalted by your worship.
You were full.

You visited 5 branches of the dungeon, and saw 29 of its levels.
You visited the Abyss 4 times.
You also visited: Ice Cave.

You collected 4079 gold pieces.
You spent 336 gold pieces at shops.

Inventory:

Hand Weapons
 j - a +7 great mace of crushing
 L - a +9 antimagic giant spiked club (weapon)
 N - the +7 giant spiked club of the Mosquito {flame, rC+ MR+ Str+4 Int-5}
   (Trog gifted it to you on level 9 of the Dungeon)

   It has been specially enchanted to burn those struck by it, causing extra
   injury to most foes and up to half again as much damage against particularly
   susceptible opponents.
   It affects your strength (+4).
   It affects your intelligence (-5).
   It protects you from cold.
   It affects your resistance to hostile enchantments.
Missiles
 A - 8 poisoned javelins
 E - 7 throwing nets
 Q - 7 exploding tomahawks
 W - 37 large rocks (quivered)
Armour
 r - a +1 cloak (worn)
 u - a +3 ice dragon armour (worn)
Jewellery
 v - a ring of protection from fire (right hand)
 I - a +3 ring of evasion (left hand)
 J - the ring of Xom's Fair Game {rPois Str+2}
   (You found it in an ice cave)

   [ring of poison resistance]

   It affects your strength (+2).
   It protects you from poison.
 P - an amulet of regeneration (around neck)
Wands
 d - a wand of disintegration (13/24)
 e - a wand of lightning (7/15)
 h - a wand of teleportation (0/9)
 n - a wand of acid (9/15)
 p - a wand of disintegration (3/24)
 z - a wand of digging (10/24)
 G - a wand of lightning (6/15)
 O - a wand of digging (7/24)
 R - a wand of hasting (5/9)
 Y - a wand of lightning (7/15)
 Z - a wand of lightning (2/15)
Scrolls
 a - a scroll of identify
 i - 7 scrolls of teleportation
 q - 7 scrolls of remove curse
 t - 5 scrolls of recharging
 x - 4 scrolls of fear
 y - a scroll of enchant armour
 K - 5 scrolls of fog
 S - a scroll of brand weapon
 T - a scroll of blinking
 V - a scroll of enchant weapon
Potions
 b - 2 potions of haste
 k - 2 potions of agility
 l - 2 potions of magic
 o - 5 potions of curing
 w - a potion of berserk rage
 B - 2 potions of resistance
 C - 4 potions of might
 D - 4 potions of cancellation
 F - 3 potions of invisibility
 H - 4 potions of heal wounds
 X - 3 potions of flight
Books
 U - a book of Necromancy

   Spells                             Type                      Level
   a - Pain                           Necromancy                   1
   b - Animate Skeleton               Necromancy                   1
   c - Vampiric Draining              Necromancy                   3
   d - Regeneration                   Charms/Necromancy            3
   e - Animate Dead                   Necromancy                   4
   f - Control Undead                 Necromancy                   4
   Trog disapproves of the use of such an item.
Comestibles
 c - 14 bread rations
 f - 30 fruits
 g - 16 meat rations
 m - 4 slices of pizza
 s - 5 chunks of flesh
 M - 14 royal jellies


   Skills:
 * Level 22.0 Fighting
 * Level 22.0 Maces & Flails
 + Level 5.9 Throwing
 + Level 11.9 Armour
 + Level 14.1 Dodging


You had 17 spell levels left.
You didn't know any spells.

Dungeon Overview and Level Annotations

Branches:
Dungeon (15/15)            Temple (0/1) D:4            Lair (8/8) D:9
 Shoals (0/4) Lair:6        Snake (0/4) Lair:3        Slime (0/6) Lair:8
    Orc (2/2) D:10            Elf (3/3) Orc:2        Vaults (0/5) D:14
 Depths (1/5) D:15

Altars:
Ashenzari
Cheibriados
Dithmenos
Elyvilon
Gozag
Makhleb
Okawaru
Pakellas
Ru
Sif Muna
The Shining One

Shops:
D:10 [   Orc:2 (?=}   Elf:1 :

Portals:
Trove: D:10 (give +2 shadow dragon armour)

Annotations:
D:15 Sojobo


Innate Abilities, Weirdness & Mutations

You are too large for most types of armour.
You have tough skin (AC +1).
You are partially covered in slimy green scales (AC +2).
You are partially covered in yellow scales (AC +2).
You are clumsy. (Dex -2)
You are dopey. (Int -2)
Your system is resistant to poisons.


Message History

Sojobo claws you but does no damage.
Your iron troll barely misses the tengu reaver.
Your iron troll claws the tengu reaver!
Your iron troll claws the tengu reaver.
There is an open door, spattered with blood here.
You completely miss Sojobo.
Sojobo is heavily wounded.
The tengu reaver hits your iron troll but does no damage.
The tengu reaver pecks your iron troll but does no damage.
The tengu reaver claws your iron troll but does no damage.
Your iron troll bites the tengu reaver!!
The tengu reaver dies!
Trog accepts your kill.
Trog appreciates your killing of a magic user.
Your Fighting skill increases to level 22!
Sojobo hits you with a triple sword of electrocution!
* * * LOW HITPOINT WARNING * * *
You are electrocuted!
* * * LOW HITPOINT WARNING * * *
Sojobo pecks you!
You die...

############
#.(.((.(.≈≈#
#(###≈≈≈#.≈#
#T).#......###
#)>.'..≈##.'.#
#Q.)#......#.#
#@###≈≈≈#.≈#.#
#(.......≈≈#.#####
###############......
#.............#.#####
#.###########.#.###..
#.# ##..........##...
#.# #...........##...
#.# #...........##...
#.# #...........##...


You could see Sojobo and a friendly iron troll (berserk).

Vanquished Creatures
  A bone dragon (Abyss:3)
  A lich (Abyss:3)
  Rupert (Lair:6)
  A tentacled monstrosity (Abyss:3)
  2 deep elf blademasters
  An Executioner (Abyss:1)
  A sphinx (D:12)
  3 tentacled starspawn (Abyss:3)
  Roxanne (Elf:2)
  4 deep elf sorcerers
  A balrug (Abyss:3)
  A deep elf elementalist (Elf:2)
  Maud (D:10)
  The ghost of 0gre the Fighter, a journeyman MiFi of the Shining One (Lair:7)
  2 deep elf demonologists
  4 deep elf annihilators
  Nessos (Lair:8)
  Snorg (Lair:7)
  A yaktaur captain (D:15)
  3 deep elf death magi
  8 vault guards (D:14)
  Josephine (D:15)
  2 fire dragons (Lair:8)
  An ettin (Orc:2)
  2 great orbs of eyes
  4 ogre magi (Orc:2)
  Fannar (D:10)
  Harold (Lair:4)
  A deep elf high priest (Elf:3)
  9 hydras
  3 centaur warriors
  An alligator (shapeshifter) (Elf:1)
  2 ice dragons (IceCv)
  2 death yaks (Lair:4)
  Erica (Lair:2)
  20 dancing weapons
  A deep troll earth mage (D:12)
  A vampire mage (D:13)
  2 tengu warriors (D:14)
  A hell knight (D:15)
  2 orc high priests
  Urug (D:10)
  The ghost of jondd19 the Grappler, a novice TrMo of Okawaru (D:8)
  Sonja (Lair:4)
  17 deep elf knights
  2 wretched stars (Abyss:3)
  3 skeletal warriors
  11 large abominations
  3 unseen horrors
  2 lindwurms (Lair:8)
  7 deep elf archers
  A giant orange brain (Abyss:3)
  A lindwurm (shapeshifter) (Elf:2)
  4 hill giants
  3 orc sorcerers
  6 ugly things
  A necromancer (D:15)
  2 wolf spider zombies
  40 deep elf magi
  3 manticores
  5 cyclopes
  A salamander (shapeshifter) (Depths:1)
  A salamander (D:15)
  8 elephants
  19 black mambas
  7 torpor snails
  2 ice statues (IceCv)
  17 spiny frogs
  2 centaur skeletons
  Maurice (D:10)
  A smoke demon (Abyss:3)
  5 centaur zombies
  A gargoyle (D:13)
  7 naga magi (D:13)
  10 komodo dragons
  4 yaktaurs
  An efreet (D:13)
  A freezing wraith (D:15)
  2 kobold demonologists (D:13)
  7 rime drakes
  4 ancient zymes
  A queen bee (Lair:1)
  17 two-headed ogres
  A wind drake (shapeshifter) (Abyss:3)
  A boulder beetle (Lair:8)
  A polar bear (Lair:4)
  Grinder (D:3)
  5 giant leeches (Lair:8)
  4 trolls
  A harpy skeleton (D:15)
  5 raiju
  6 slime creatures
  14 blink frogs
  A hornet zombie (D:13)
  Prince Ribbit (Lair:2)
  An air elemental (Elf:1)
  Sigmund (D:3)
  A spriggan (D:7)
  A shadow (D:14)
  54 yaks
  3 water elementals
  3 fire bats (Abyss:2)
  3 fire elementals
  3 humans (D:9)
  12 hippogriffs
  2 wyverns
  8 wraiths
  A neqoxec (Abyss:3)
  3 hungry ghosts
  5 basilisks
  A chaos spawn (Abyss:3)
  A steam dragon (Lair:8)
  3 mottled dragons
  2 wargs
  A spatial vortex (Abyss:3)
  22 water moccasins
  2 swamp drakes (Lair:8)
  14 porcupines
  17 ice beasts
  23 orc warriors
  5 sky beasts
  A phantom (D:4)
  4 black bears
  The ghost of Satan1 the Skirmisher, an amateur DsAK of Lugonu (D:3)
  8 necrophages (D:12)
  3 boggarts (D:15)
  3 wasps (Lair:8)
  36 ogres
  12 wolves
  13 centaurs
  23 crocodiles
  A big kobold (D:9)
  17 giant frogs
  A gnoll sergeant (D:10)
  2 wyvern zombies
  3 earth elementals
  5 scorpions
  A wyvern skeleton (D:12)
  5 small abominations
  35 killer bees
  12 wights
  4 electric eels
  10 howler monkeys
  7 crimson imps
  2 giant frog zombies (D:12)
  5 gnoll shamans (D:5)
  6 hounds
  7 jellies
  18 orc priests
  42 orc wizards
  14 iguanas
  Jessica (D:2)
  A giant frog skeleton (D:4)
  11 worker ants
  5 polar bear simulacra (D:15)
  3 wolf simulacra (D:15)
  17 sheep
  2 yak simulacra (D:15)
  A hound skeleton (D:10)
  A hound zombie (D:11)
  2 mummies (D:12)
  A worker ant zombie (D:8)
  Robin (D:2)
  A howler monkey skeleton (D:4)
  17 adders
  56 gnolls
  53 river rats
  5 shadow imps
  3 oozes
  An adder zombie (D:5)
  An adder skeleton (D:7)
  21 worms
  6 dart slugs
  9 giant geckos
  84 orcs
  9 bats
  5 giant cockroaches
  9 hobgoblins
  21 jackals
  4 quokkas
  3 giant newts (D:1)
  13 goblins
  12 kobolds
  A quokka skeleton (D:4)
  A quokka zombie (D:6)
  8 rats
  A river rat simulacrum (D:15)
  A butterfly (D:4)
  A fungus (Lair:1)
  A lurking horror (Abyss:3)
  3 plants
  3 starspawn tentacles (Abyss:3)
1264 creatures vanquished.

Vanquished Creatures (collateral kills)
  A tengu reaver (D:15)
  A stone giant (D:15)
2 creatures vanquished.

Vanquished Creatures (others)
  A deep elf annihilator (Elf:3)
  A deep elf knight (Elf:1)
  2 golden eyes (Abyss:3)
  A boggart (Depths:1)
  An eye of draining (D:13)
  An orc wizard (D:4)
  2 iguanas (Lair:8)
  An orc (D:13)
  A quokka (D:7)
  3 fungi
  11 plants
  7 starspawn tentacles (Abyss:3)
  80 starspawn tentacle segments (Abyss:3)
112 creatures vanquished.

Grand Total: 1378 creatures vanquished

Notes
Turn   | Place    | Note
--------------------------------------------------------------
     0 | D:1      | Satan1 the Ogre Berserker began the quest for the Orb.
     0 | D:1      | Reached XP level 1. HP: 24/24 MP: 1/1
   302 | D:1      | Reached XP level 2. HP: 33/33 MP: 2/2
   780 | D:1      | Reached XP level 3. HP: 38/40 MP: 3/3
  1112 | D:1      | Reached ** piety under Trog
  1169 | D:1      | Reached skill level 5 in Maces & Flails
  1226 | D:2      | Reached skill level 5 in Fighting
  1357 | D:2      | Noticed Jessica
  1363 | D:2      | Killed Jessica
  1363 | D:2      | Reached XP level 4. HP: 35/50 MP: 4/4
  1804 | D:2      | Reached XP level 5. HP: 39/59 MP: 5/5
  2005 | D:2      | Found a glowing golden altar of the Shining One.
  2646 | D:2      | Noticed Robin
  2651 | D:2      | Reached *** piety under Trog
  2656 | D:2      | Killed Robin
  3126 | D:3      | Noticed Satan1's ghost (amateur DsAK)
  3143 | D:3      | Killed Satan1's ghost
  3143 | D:3      | Reached XP level 6. HP: 68/68 MP: 6/6
  3178 | D:3      | Noticed Grinder
  3189 | D:3      | Paralysed by Grinder for 5 turns
  3195 | D:3      | Killed Grinder
  3195 | D:3      | Reached XP level 7. HP: 21/79 MP: 7/7
  3480 | D:3      | Noticed Sigmund
  3490 | D:3      | Killed Sigmund
  4064 | D:4      | Found a staircase to the Ecumenical Temple.
  4141 | D:4      | Reached XP level 8. HP: 88/92 MP: 8/8
  5227 | D:5      | Entered Level 5 of the Dungeon
  5458 | D:5      | Found an iron altar of Okawaru.
  5478 | D:5      | Reached skill level 10 in Fighting
  5637 | D:5      | Reached skill level 10 in Maces & Flails
  5769 | D:5      | Reached **** piety under Trog
  5826 | D:5      | Received a gift from Trog
  6358 | D:5      | Reached XP level 9. HP: 92/102 MP: 9/9
  6895 | D:5      | Reached ***** piety under Trog
  7776 | D:6      | Found a burning altar of Makhleb.
  8211 | D:6      | Found a shattered altar of Ashenzari.
  8214 | D:6      | Found a sacrificial altar of Ru.
  8215 | D:6      | Found a snail-covered altar of Cheibriados.
  8554 | D:7      | Reached XP level 10. HP: 91/118 MP: 10/10
  8639 | D:7      | Found a white marble altar of Elyvilon.
  8703 | D:7      | Found an opulent altar of Gozag.
  8717 | D:7      | Found a white marble altar of Elyvilon.
  8739 | D:7      | Found a shadowy altar of Dithmenos.
  8914 | D:7      | Reached skill level 1 in Throwing
  9108 | D:8      | Noticed jondd19's ghost (novice TrMo)
  9503 | D:8      | Killed jondd19's ghost
  9540 | D:8      | Noticed a hill giant
  9561 | D:8      | Killed a hill giant
 10280 | D:9      | Found a staircase to the Lair.
 10311 | D:9      | Received a gift from Trog
 10323 | D:9      | Got a shimmering giant spiked club {god gift}
 10340 | D:8      | Identified the +7 giant spiked club of the Mosquito {flame, rC+ MR+ Str+4 Int-5} (Trog gifted it to you on level 9 of the Dungeon)
 10754 | D:9      | Reached XP level 11. HP: 130/130 MP: 11/11
 11093 | D:9      | Reached skill level 5 in Dodging
 11145 | D:10     | Entered Level 10 of the Dungeon
 11147 | D:10     | Noticed Maud
 11156 | D:10     | Killed Maud
 11557 | D:10     | Reached skill level 5 in Throwing
 11825 | D:10     | Noticed Maurice
 11829 | D:10     | Killed Maurice
 11897 | D:10     | Found Cycweih's Antique Armour Shoppe.
 12226 | D:10     | Noticed Fannar
 12232 | D:10     | Killed Fannar
 12291 | D:10     | Noticed a hill giant
 12296 | D:10     | Killed a hill giant
 12373 | D:10     | Found a staircase to the Orcish Mines.
 12445 | D:10     | Reached skill level 15 in Fighting
 12713 | D:10     | Reached ****** piety under Trog
 12898 | D:10     | Reached skill level 15 in Maces & Flails
 12989 | D:10     | Noticed Urug
 12991 | D:10     | Found a portal to a secret trove of treasure.
 13000 | D:10     | Killed Urug
 13000 | D:10     | Reached XP level 12. HP: 78/143 MP: 12/12
 14360 | D:11     | Received a gift from Trog
 14419 | D:11     | Found an oddly glowing altar of Pakellas.
 15501 | D:11     | HP: 7/144 [red ugly thing (18)]
 16180 | D:11     | Noticed a death knight
 16541 | Lair:1   | Entered Level 1 of the Lair of Beasts
 16759 | Lair:1   | Noticed a four-headed hydra
 17101 | Lair:1   | Killed a four-headed hydra
 17699 | Lair:1   | Received a gift from Trog
 17710 | Lair:1   | Reached XP level 13. HP: 125/154 MP: 13/13
 17726 | Lair:1   | Got a scorched giant club {god gift}
 17727 | Lair:1   | Identified the +4 giant club "Bonoawk" {venom, MP-9 Int+4 Dex+4} (Trog gifted it to you on level 1 of the Lair of Beasts)
 18310 | Lair:2   | Noticed Prince Ribbit
 18322 | Lair:2   | Killed Prince Ribbit
 18659 | Lair:2   | Gained mutation: You are dopey. (Int -2) [potion of mutation]
 18659 | Lair:2   | Gained mutation: Your system is resistant to poisons. [potion of mutation]
 18659 | Lair:2   | Gained mutation: You are partially covered in slimy green scales (AC +2). [potion of mutation]
 18951 | Lair:2   | Noticed Erica
 18974 | Lair:2   | Killed Erica
 19794 | Lair:3   | Found a staircase to the Snake Pit.
 19820 | Lair:2   | Received a gift from Trog
 19960 | Lair:3   | Reached skill level 10 in Dodging
 20931 | Lair:4   | Noticed Sonja
 21193 | Lair:4   | Found a frozen archway.
 21197 | IceCv    | Entered an ice cave
 21198 | IceCv    | Lost intelligence.
 21262 | IceCv    | Reached XP level 14. HP: 111/169 MP: 14/14
 21729 | IceCv    | Got a transparent steel ring
 22022 | IceCv    | Identified the ring of Xom's Fair Game {rPois Str+2} (You found it in an ice cave)
 22298 | Lair:4   | Cast into level 1 of the Abyss (Sonja)
 22411 | Abyss:1  | Noticed an Executioner
 22417 | Abyss:1  | Killed an Executioner
 22457 | Abyss:1  | Noticed a bone dragon
 22546 | Abyss:1  | Noticed a tentacled starspawn
 22546 | Lair:4   | Escaped the Abyss
 22552 | Lair:4   | Killed Sonja
 22570 | Lair:4   | Gained mutation: You are clumsy. (Dex -2) [potion of mutation]
 22570 | Lair:4   | Gained mutation: You are partially covered in yellow scales (AC +2). [potion of mutation]
 23081 | Lair:4   | Received a gift from Trog
 23092 | Lair:4   | Noticed Harold
 23117 | Lair:4   | Killed Harold
 23372 | Lair:4   | Reached skill level 1 in Armour
 23972 | Lair:5   | Received a gift from Trog
 24501 | Lair:6   | Found a white marble altar of Elyvilon.
 24520 | Lair:6   | Noticed Rupert
 24534 | Lair:6   | Killed Rupert
 24612 | Lair:6   | Found a staircase to the Shoals.
 24825 | Lair:7   | Noticed 0gre's ghost (journeyman MiFi)
 24844 | Lair:7   | Killed 0gre's ghost
 25037 | Lair:7   | Noticed Snorg
 25056 | Lair:7   | Killed Snorg
 25056 | Lair:7   | Reached XP level 15. HP: 96/180 MP: 15/15
 25414 | Lair:7   | Received a gift from Trog
 25460 | Lair:7   | Reached skill level 5 in Armour
 25868 | Lair:8   | Entered Level 8 of the Lair of Beasts
 26012 | Lair:8   | Noticed Nessos
 26029 | Lair:8   | Killed Nessos
 26089 | Lair:8   | Found a runed door.
 26518 | Lair:8   | Found a staircase to the Slime Pits.
 26896 | Lair:8   | Received a gift from Trog
 27326 | Orc:1    | Entered Level 1 of the Orcish Mines
 28056 | Orc:2    | Entered Level 2 of the Orcish Mines
 28077 | Orc:2    | Received a gift from Trog
 28254 | Orc:2    | Received a gift from Trog
 28464 | Orc:2    | Reached XP level 16. HP: 156/191 MP: 16/16
 28773 | Orc:2    | Found Luyq's Jewellery Shop.
 28773 | Orc:2    | Found Qexzyph's Weapon Emporium.
 28773 | Orc:2    | Found Jagrua Leth's Gadget Shoppe.
 28773 | Orc:2    | Found Nuohun's Magic Scroll Shop.
 28787 | Orc:2    | Bought a scroll of identify for 30 gold pieces
 28787 | Orc:2    | Bought a scroll of identify for 30 gold pieces
 28787 | Orc:2    | Bought a scroll of enchant weapon for 112 gold pieces
 28787 | Orc:2    | Bought a scroll of fear for 52 gold pieces
 28787 | Orc:2    | Bought a scroll of enchant armour for 112 gold pieces
 28815 | Orc:2    | Found a staircase to the Elven Halls.
 29010 | Elf:1    | Entered Level 1 of the Elven Halls
 29255 | Elf:1    | Received a gift from Trog
 29559 | Elf:1    | Found Netuuppu's Book Boutique.
 30401 | Elf:2    | Noticed Roxanne
 30412 | Elf:2    | Killed Roxanne
 30480 | Elf:2    | Received a gift from Trog
 30799 | Elf:2    | Received a gift from Trog
 30834 | Elf:2    | Found a runed gate.
 30857 | Elf:2    | Found a runed gate.
 31149 | Elf:2    | Found a runed gate.
 31481 | Elf:2    | Received a gift from Trog
 31502 | Elf:2    | Cast into level 2 of the Abyss (trident of distortion)
 31634 | Abyss:2  | Reached XP level 17. HP: 186/202 MP: 5/17
 31697 | Abyss:2  | Noticed a tentacled starspawn
 31700 | Abyss:2  | Noticed a lich
 31830 | Abyss:3  | Noticed a bone dragon
 31845 | Abyss:3  | Killed a bone dragon
 31845 | Abyss:3  | Reached skill level 10 in Armour
 31848 | Abyss:3  | Noticed a tentacled starspawn
 31859 | Abyss:3  | Killed a tentacled starspawn
 31887 | Elf:2    | Escaped the Abyss
 32005 | Elf:2    | HP: 9/202 [trident of piercing (3)]
 32688 | Elf:3    | Entered Level 3 of the Elven Halls
 32847 | Elf:3    | Noticed a deep elf blademaster
 32848 | Elf:3    | Noticed a Hell Sentinel
 32857 | Elf:3    | Noticed a deep elf blademaster
 32864 | Elf:3    | Killed a deep elf blademaster
 33022 | Elf:3    | Noticed a Tzitzimitl
 33027 | Elf:3    | Noticed a Hell Sentinel
 33039 | Elf:2    | HP: 8/204 [deep elf blademaster/rapier (7)]
 33042 | Elf:2    | Killed a deep elf blademaster
 33260 | Elf:3    | Cast into level 3 of the Abyss (a deep elf demonologist)
 33387 | Abyss:3  | Noticed a lich
 33393 | Abyss:3  | Killed a lich
 33411 | Abyss:3  | Noticed a tentacled starspawn
 33434 | Abyss:3  | Killed a tentacled starspawn
 33558 | Abyss:3  | Received a gift from Trog
 33621 | Abyss:3  | Noticed a tentacled starspawn
 33631 | Abyss:3  | Killed a tentacled starspawn
 33633 | Elf:3    | Escaped the Abyss
 33917 | Elf:3    | Noticed a Tzitzimitl
 34071 | Elf:3    | Noticed an Ice Fiend
 34169 | Elf:3    | Noticed a deep elf master archer
 34301 | Elf:3    | Noticed an Ice Fiend
 34305 | Elf:2    | Received a gift from Trog
 35052 | D:12     | Reached XP level 18. HP: 215/215 MP: 6/18
 35781 | D:13     | Received a gift from Trog
 35890 | D:13     | Received a gift from Trog
 36435 | D:13     | Received a gift from Trog
 36554 | D:13     | Found a deep blue altar of Sif Muna.
 36617 | D:13     | Identified Boosi's Handbook of Snow and Transformation
 36636 | D:13     | Identified the Catalogue of Ashen Lightness
 36638 | D:13     | Identified the Papyrus of Feathery Earth
 36659 | D:13     | Cast into level 3 of the Abyss (a deep elf sorcerer)
 36659 | Abyss:3  | Found a corrupted altar of Lugonu.
 36705 | Abyss:3  | Noticed a tentacled monstrosity
 36712 | Abyss:3  | Killed a tentacled monstrosity
 36715 | D:13     | Escaped the Abyss
 36728 | D:13     | Received a gift from Trog
 36984 | D:14     | Found a gate to the Vaults.
 38094 | D:15     | Entered Level 15 of the Dungeon
 38717 | D:15     | Noticed Josephine
 38723 | D:15     | Killed Josephine
 38854 | D:15     | Found a staircase to the Depths.
 38861 | D:15     | Received a gift from Trog
 38864 | D:15     | Got a shimmering triple sword {god gift}
 38865 | D:15     | Identified the +0 triple sword "Qugynen" {flame, SInv} (Trog gifted it to you on level 15 of the Dungeon)
 38879 | Depths:1 | Entered Level 1 of the Depths
 39204 | Depths:1 | Noticed Sojobo
 39347 | D:15     | HP: 2/218 [Sojobo/triple sword of electrocution (18)]
 39347 | D:15     | Mangled by Sojobo

Skill      XL: |  1  2  3  4  5  6  7  8  9 10 11 12 13 14 15 16 17 18 |
---------------+-------------------------------------------------------+-----
Maces & Flails | 5 6 7 9 11 12 13 15 16 17 18 19 20 21 22 | 22.0
Fighting       | 5 6 7 9 10 12 14 15 16 18 19 20 21 22 | 22.0
Dodging        | 4 6 8 10 11 12 13 14 | 14.1
Throwing       | 4 5 |  5.9
Armour         | 4 7 9 11 | 11.9

Action                   |  1- 3 |  4- 6 |  7- 9 | 10-12 | 13-15 | 16-18 || total
-------------------------+-------+-------+-------+-------+-------+-------++-------
Melee: Mace              |    85 |   157 |    73 |       |       |       ||   315
       Giant club        |       |       |   329 |   266 |   263 |       ||   858
       Giant spiked club |       |       |       |   196 |    23 |  1184 ||  1403
       Great mace        |       |       |       |   191 |   824 |    13 ||  1028
Throw: Large rock        |       |       |       |     3 |     6 |     2 ||    11
       Tomahawk          |       |       |       |     2 |       |     3 ||     5
       Javelin           |       |       |       |     2 |       |       ||     2
Invok: Berserk           |       |     5 |     4 |     5 |       |     4 ||    18
       Trog's Hand       |       |     2 |     3 |     5 |     6 |     7 ||    23
       Burn Spellbooks   |       |       |     1 |     1 |     2 |     4 ||     8
       Brothers in Arms  |       |       |       |       |       |     1 ||     1
Evoke: Wand              |       |       |     2 |       |     2 |     1 ||     5
  Use: Scroll            |       |       |     5 |    14 |    26 |    18 ||    63
       Potion            |       |       |     1 |    12 |     3 |     8 ||    24
 Stab: Sleeping          |     1 |     1 |       |     3 |     3 |       ||     8
       Distracted        |       |       |       |     1 |     2 |     1 ||     4
  Eat: Chunk             |     1 |    11 |    19 |    28 |    19 |    17 ||    95
       Bread ration      |       |       |     1 |     2 |     1 |     4 ||     8
       Meat ration       |       |       |       |     1 |     2 |       ||     3
       Pizza             |       |       |       |     1 |       |       ||     1
       Fruit             |       |       |       |       |     2 |    10 ||    12
       Beef jerky        |       |       |       |       |       |     3 ||     3
Armor: Animal skin       |    25 |    30 |   113 |    75 |       |       ||   243
       Robe              |       |       |       |   106 |    98 |       ||   204
       Ice dragon armour |       |       |       |       |   370 |   678 ||  1048
       Skin              |       |       |       |       |     1 |       ||     1
Dodge: Dodged            |    53 |    77 |   221 |   384 |   718 |   792 ||  2245
Block: Other             |       |       |       |    77 |    36 |       ||   113
       Reflection        |       |       |       |     5 |       |       ||     5
